Map: Deathaura LE

Players

ViBE - Winner!

  • Race: Terran Terran
  • League: Platinum
  • Spawn Location: 5:00

rageX

  • Race: Zerg Zerg
  • League: Platinum
  • Spawn Location: 11:00

VOD

Have the link to the VOD?

Description

Time

  • Played on: April 1, 2021, 11:05 p.m.
  • Length: 13:05
Show
View Real Time Build Order
Export as new Build Order

ViBE Terran - Winner!

Build Orders:  

Get SALT Encoding   

  12  0:00  SCV  
  13  0:12  SCV  
  14  0:17  Supply Depot  
  14  0:24  SCV  
  15  0:38  SCV  
  15  0:40  Barracks  
  16  0:44  Refinery  
  16  0:50  SCV  
  17  1:03  SCV  
  18  1:15  SCV  
  19  1:27  Marine, Orbital Command  
  20  1:39  Command Center  
  20  1:47  Marine  
  20  1:52  Supply Depot  
  21  1:55  SCV  
  22  2:05  Factory  
  22  2:08  Barracks Reactor  
  22  2:20  SCV  
  23  2:32  SCV  
  24  2:46  Marine x2, SCV  
  24  2:50  Factory Tech Lab  
  27  2:52  Supply Depot, Orbital Command  
  27  2:53  Barracks  
  27  2:58  SCV  
  28  3:06  Refinery  
  28  3:10  Marine x2, SCV  
  31  3:13  Siege Tank  
  31  3:18  Supply Depot  
  34  3:20  SCV  
  34  3:22  SCV  
  36  3:30  Marine x2  
  36  3:32  SCV  
  39  3:36  SCV  
  40  3:41  Supply Depot  
  40  3:43  Barracks Tech Lab  
  40  3:45  SCV  
  40  3:46  Starport  
  41  3:58  Marine x2  
  43  4:06  Supply Depot  
  43  4:09  Marine  
  44  4:10  Siege Tank  
  44  4:12  SCV x2  
  44  4:16  Marine  
  50  4:22  Stimpack  
  50  4:24  SCV x2  
  50  4:27  Command Center  
  52  4:32  Marine  
  52  4:34  Marine  
  52  4:36  SCV x2  
  56  4:46  Siege Tank  
  56  4:47  Supply Depot  
  56  4:48  SCV  
  56  4:50  SCV  
  56  4:52  Marine x2  
  63  4:53  Marine, Starport Reactor  
  64  5:00  SCV  
  64  5:02  Supply Depot  
  64  5:03  SCV  
  66  5:10  Refinery  
  66  5:11  Refinery  
  66  5:13  SCV  
  67  5:15  SCV  
  67  5:16  Marine x2  
  67  5:17  Marine  
  71  5:25  SCV  
  71  5:27  SCV  
  73  5:34  Marine x3  
  76  5:37  SCV  
  76  5:39  SCV, Medivac x2  
  82  5:44  Engineering Bay x2  
  82  5:45  Orbital Command  
  82  5:49  SCV  
  83  5:51  SCV  
  83  5:52  Marine x3  
  87  6:01  SCV, Barracks  
  87  6:02  Barracks  
  87  6:03  SCV, Barracks  
  89  6:13  SCV  
  89  6:15  SCV  
  89  6:18  Marine x3  
  93  6:20  Orbital Command  
  93  6:21  Combat Shield  
  94  6:26  Medivac x2  
  94  6:31  SCV x2  
  100  6:35  Marine  
  100  6:36  Marine x2  
  103  6:43  Terran Infantry Armor Level 1, SCV x2, Terran Infantry Weapons Level 1  
  103  6:46  SCV  
  106  6:50  Barracks Reactor x3  
  106  6:53  Marine x2  
  106  6:54  Marine  
  108  6:56  Armory  
  108  6:59  Supply Depot  
  109  7:05  Supply Depot x2  
  109  7:20  Marine x3, SCV x3  
  109  7:21  Medivac  
  117  7:26  Medivac  
  119  7:31  Supply Depot  
  119  7:32  Supply Depot, SCV x3  
  122  7:38  Marine x2, Command Center  
  122  7:39  Marine x7  
  131  7:45  SCV x2, Terran Vehicle Weapons Level 1  
  131  7:50  Supply Depot  
  131  7:51  Supply Depot  
  133  7:52  Thor  
  133  7:53  SCV  
  133  7:55  Refinery  
  133  7:56  Marine, Refinery  
  133  7:57  SCV x2  
  143  8:05  SCV  
  139  8:10  Marine  
  139  8:11  Marine x7  
  144  8:15  Medivac x2  
  144  8:17  SCV x2  
  142  8:30  Marine x2  
  142  8:31  Marine x4  
  142  8:32  Marine x3  
  151  8:37  SCV x2  
  151  8:38  SCV  
  154  8:47  Thor  
  154  8:48  Medivac x2  
  164  8:49  Marine  
  164  8:50  Marine x8  
  173  8:56  Command Center  
  173  8:57  SCV x3  
  176  9:03  Barracks  
  176  9:05  Barracks  
  176  9:06  Barracks  
  176  9:07  Marine x4, Barracks  
  180  9:12  Supply Depot  
  180  9:15  Supply Depot, Barracks  
  180  9:21  Marine x3, SCV x3  
  167  9:33  SCV x3  
  170  9:45  SCV x2  
  172  9:48  Planetary Fortress  
  172  9:50  SCV  
  172  9:52  Terran Infantry Armor Level 2, Terran Infantry Weapons Level 2  
  173  9:53  Terran Vehicle Weapons Level 2  
  173  9:55  Barracks Tech Lab x3  
  173  9:56  Barracks Tech Lab  
  173  9:57  Barracks Reactor, SCV  
  173  9:58  Barracks Reactor x3  
  174  10:00  Marine x9  
  174  10:03  Barracks Reactor  
  174  10:07  SCV x2  
  185  10:09  SCV  
  186  10:18  Marine  
  186  10:19  SCV x2  
  189  10:23  Marine x3  
  189  10:24  Marine x4  
  189  10:26  SCV  
  197  10:35  SCV x3  
  200  10:52  Factory  
  200  10:53  Starport  
  200  10:54  Barracks  
  200  10:55  Barracks  
  200  10:57  Barracks x2  
  200  11:01  Barracks  
  200  11:02  Barracks  
  200  11:07  Planetary Fortress  
  179  11:25  SCV  
  179  11:26  SCV x3  
  179  11:30  Marine x10  
  179  11:31  Marine x7  
  179  11:32  Marine x2  
  198  11:37  SCV, Factory Tech Lab  
  198  11:38  Starport Reactor  
  197  11:42  Barracks Tech Lab  
  197  11:43  Barracks Tech Lab x3  
  188  11:48  Marine  
  188  11:49  Barracks Reactor x2  
  188  11:53  Thor  
  188  11:54  Medivac x2  
  180  11:55  Marine x11, Marauder  
  195  12:17  Command Center  
  195  12:23  Command Center  
  195  12:31  Medivac x2  
  195  12:32  Marine  
  195  12:34  Marine x3  
Show
View Real Time Build Order
Export as new Build Order

rageX Zerg 

Build Orders: Hatch First, Muta Ling Bane 

Get SALT Encoding   

  12  0:01  Drone  
  13  0:09  Drone  
  14  0:15  Extractor  
  14  0:16  Drone  
  15  0:22  Overlord  
  15  0:46  Hatchery  
  15  0:49  Drone  
  15  0:52  Drone  
  15  0:56  Drone  
  17  1:02  Drone  
  17  1:03  Extractor  
  17  1:11  Drone  
  18  1:22  Spawning Pool  
  18  1:24  Drone  
  18  1:33  Drone  
  19  1:43  Drone  
  20  1:55  Extractor, Overlord  
  20  1:59  Drone  
  20  2:04  Drone  
  21  2:10  Metabolic Boost  
  21  2:11  Queen  
  23  2:20  Drone  
  23  2:21  Drone x2  
  26  2:39  Drone  
  26  2:40  Drone  
  26  2:41  Hatchery  
  26  2:43  Drone  
  28  2:51  Queen  
  29  3:00  Drone  
  29  3:02  Drone  
  29  3:04  Drone, Baneling Nest  
  31  3:09  Drone x2  
  33  3:14  Overlord  
  33  3:26  Queen  
  33  3:32  Zergling x4  
  33  3:33  Zergling x6  
  40  3:39  Drone x2  
  42  3:46  Extractor  
  42  3:48  Overlord x2  
  41  3:56  Pneumatized Carapace  
  41  3:58  Zergling x8  
  45  4:07  Evolution Chamber  
  45  4:08  Drone  
  45  4:09  Drone x3  
  48  4:21  Burrow  
  47  4:35  Drone  
  47  4:36  Drone x5  
  47  4:37  Drone  
  54  4:39  Drone x2  
  54  4:40  Drone x3  
  59  4:46  Lair  
  59  4:48  Drone  
  59  4:52  Extractor x2  
  59  4:53  Queen  
  59  4:56  Overlord  
  60  5:07  Drone x3  
  63  5:19  Drone x3  
  63  5:20  Drone x2  
  68  5:21  Overlord  
  68  5:25  Hatchery  
  67  5:35  Spore Crawler  
  67  5:37  Spine Crawler  
  67  5:38  Spore Crawler  
  67  5:40  Spine Crawler  
  63  5:42  Spore Crawler  
  63  5:44  Spine Crawler  
  63  5:48  Centrifical Hooks  
  61  5:50  Zerg Melee Weapons Level 1  
  61  5:56  Drone x5  
  66  6:00  Evolution Chamber  
  66  6:04  Extractor, Drone x4  
  67  6:05  Extractor  
  67  6:22  Spire  
  66  6:31  Zergling x12  
  66  6:32  Zergling x14  
  79  6:34  Drone x2  
  79  6:38  Zerg Ground Armor Level 1  
  81  6:41  Drone  
  81  6:42  Drone x2  
  84  6:51  Overseer  
  84  6:58  Drone x3  
  84  6:59  Spore Crawler, Overlord x3  
  84  7:00  Overlord  
  86  7:08  Drone  
  87  7:17  Drone x9  
  87  7:18  Drone x3  
  99  7:32  Zergling x12  
  105  7:41  Drone x3, Spine Crawler  
  105  7:42  Drone x4  
  111  7:52  Baneling x3  
  111  7:53  Baneling x5  
  111  8:11  Drone x11  
  103  8:26  Drone  
  102  8:27  Drone x13  
  115  8:37  Zerg Flyer Weapons Level 1  
  115  8:38  Overlord x3  
  115  8:39  Overlord  
  115  8:54  Baneling x4  
  115  8:55  Baneling x18  
  115  9:00  Zergling x2  
  115  9:01  Zergling x14  
  123  9:07  Mutalisk  
  125  9:11  Mutalisk x3  
  127  9:28  Zergling x20, Hatchery  
  127  9:29  Zergling x4, Hatchery  
  130  9:44  Zerg Melee Weapons Level 2, Zerg Ground Armor Level 2, Infestation Pit  
  128  9:49  Zergling x2  
  128  9:50  Zergling x12  
  135  9:59  Zergling x6  
  138  10:10  Mutalisk x6  
  150  10:20  Hydralisk Den  
  149  10:21  Pathogen Glands  
  149  10:22  Mutalisk  
  149  10:24  Overlord x10  
  151  10:39  Extractor  
  151  10:41  Extractor, Hive  
  149  10:45  Queen  
  149  10:46  Drone  
  149  10:47  Drone x13  
  165  10:54  Infestor  
  169  11:00  Infestor x4  
  146  11:13  Zergling x10  
  146  11:14  Zergling x6  
  139  11:18  Zergling x2  
  139  11:19  Zergling x6  
  141  11:30  Infestor x3  
  123  11:57  Zergling x6  
  123  11:58  Zergling x20  
  123  11:59  Infestor x4  
  137  12:11  Zergling x8, Infestor x4  
  118  12:23  Zergling x8  
  101  12:37  Zergling x10  
Tags
 
Composition
Muta Ling Bane
Matchup
TvZ
Player
ViBE
Replay Pack
Platinum_League
Spawn Locations
Cross Positions
Add a new tag
Caveats
  • Supply blocks, unpowered buildings, or Contaminate may cause inaccurate times.
  • Supply counts are checked every 10 seconds.